[Event "EUCC Open Blitz 2024"]
[Site "Miskolc"]
[Date "2024.07.13"]
[Round "9.13"]
[White "Veiga, Jose Francisco R P N"]
[Black "Jellema, Pieter"]
[Result "1-0"]
[ECO "B10"]
[WhiteElo "2385"]
[BlackElo "2006"]
[PlyCount "83"]
[EventDate "2024.07.08"]
[EventType "team-tourn"]
[EventCountry "HUN"]
[TimeControl "1500+10"]

1. e4 c6 2. Nf3 d5 3. Nc3 dxe4 4. Nxe4 Nf6 5. Qe2 Nxe4 6. Qxe4 Nd7 7. Bc4 Nf6 8. Ne5 e6 9. Qe2 b5 10. Bb3 Bd6 11. d4 Qc7 12. O-O O-O 13. c3 a5 14. Bc2 c5 15. Bf4 Bb7 16. Bg3 Rac8 17. Rac1 Rfd8 18. Qxb5 Ra8 19. Rfd1 Ba6 20. Qc6 Nd5 21. Qxc7 Bxc7 22. dxc5 Rab8 23. Nc6 Bxg3 24. hxg3 Rdc8 25. Nxb8 Rxb8 26. Be4 Nf6 27. Bf3 g6 28. Rd6 Bc4 29. b3 Bd5 30. c4 Bxf3 31. gxf3 Rc8 32. c6 Ne8 33. Rd7 Rxc6 34. Rcd1 Kg7 35. Ra7 Rc5 36. Rdd7 Rf5 37. Kg2 h5 38. a3 g5 39. b4 axb4 40. axb4 g4 41. fxg4 hxg4 42. Ra5 1-0

[Event "EUCC Open Blitz 2024"]
[Site "Miskolc"]
[Date "2024.07.13"]
[Round "9.14"]
[White "Broersma, Sven"]
[Black "Ribeiro, Rodrigo"]
[Result "0-1"]
[ECO "D35"]
[WhiteElo "1945"]
[BlackElo "2181"]
[PlyCount "38"]
[EventDate "2024.07.08"]
[EventType "team-tourn"]
[EventCountry "HUN"]
[TimeControl "1500+10"]

1. d4 d5 2. c4 e6 3. Nc3 Nf6 4. cxd5 exd5 5. Bg5 Be7 6. e3 c6 7. Bd3 O-O 8. Qc2 Nbd7 9. h3 Re8 10. Nf3 Nf8 11. O-O g6 12. Rab1 Ne6 13. Bh4 Ng7 14. b4 a6 15. a4 Bf5 16. b5 cxb5 17. axb5 a5 18. b6 Rc8 19. Qb3 Bxd3 0-1

[Event "EUCC Open Blitz 2024"]
[Site "Miskolc"]
[Date "2024.07.13"]
[Round "9.15"]
[White "Budak, Rewi"]
[Black "Schiopu, Andreea-Alexandra"]
[Result "0-1"]
[ECO "B01"]
[WhiteElo "2100"]
[BlackElo "1829"]
[PlyCount "39"]
[EventDate "2024.07.08"]
[EventType "team-tourn"]
[EventCountry "HUN"]
[TimeControl "1500+10"]

1. e4 d5 2. Nc3 dxe4 3. Nxe4 Bf5 4. Ng3 Bg6 5. d4 e6 6. Nh3 h6 7. Nf4 Bh7 8. Bc4 Nf6 9. O-O Bd6 10. Nxe6 fxe6 11. Bxe6 Ke7 12. Re1 Re8 13. Bd5+ Kf8 14. Bxb7 Nbd7 15. Bxa8 Qxa8 16. c3 Ne4 17. Qf3+ Ndf6 18. Bf4 Qb8 19. Bxh6 Bxg3 20. Rxe4 0-1

[Event "EUCC Open Blitz 2024"]
[Site "Miskolc"]
[Date "2024.07.13"]
[Round "9.16"]
[White "Panait, Robert-Florentin"]
[Black "Delpech, Anthony"]
[Result "0-1"]
[ECO "B33"]
[WhiteElo "1696"]
[BlackElo "1877"]
[PlyCount "94"]
[EventDate "2024.07.08"]
[EventType "team-tourn"]
[EventCountry "HUN"]
[TimeControl "1500+10"]

1. e4 c5 2. Nf3 Nc6 3. d4 cxd4 4. Nxd4 Nf6 5. Nc3 e5 6. Nf3 Bb4 7. Bd2 d5 8. exd5 Nxd5 9. Bc4 Nxc3 10. Bxc3 Qxd1+ 11. Rxd1 Bxc3+ 12. bxc3 O-O 13. O-O Bg4 14. h3 Bxf3 15. gxf3 Rfd8 16. Bb3 Kf8 17. Kg2 Ke7 18. Rde1 Kf6 19. c4 a5 20. c3 a4 21. Bc2 Rd2 22. Bb1 Rad8 23. Kg3 Na5 24. c5 Rc8 25. f4 exf4+ 26. Kxf4 Rxc5 27. Re3 Nc4 28. Rg3 Na3 29. Be4 b6 30. Rfg1 g6 31. f3 Rxc3 32. h4 h5 33. Re1 Rxa2 34. Rd1 Nc4 35. Bd5 Rd2 36. Rxd2 Nxd2 37. Rg1 b5 38. Rd1 Nc4 39. Be4 a3 40. Ra1 b4 41. Bd5 Nb6 42. Be4 Nd7 43. Rd1 Nc5 44. Bb1 b3 45. Rd6+ Ke7 46. Rb6 a2 47. Bxa2 bxa2 0-1